 Dungeon Crawl Stone Soup version 0.22.1-2-g9c5b331 (webtiles) character file.

196 senseless the Skirmisher (level 5, -6/47 HPs)
             Began as a Minotaur Fighter on Nov 14, 2018.
             Mangled by an ogre
             ... wielding a +0 giant club
              (17 damage)
             ... on level 4 of the Dungeon.
             The game lasted 00:08:02 (2220 turns).

senseless the Skirmisher (Minotaur Fighter)         Turns: 2220, Time: 00:08:02

Health: -6/47      AC:  9    Str: 21    XL:     5   Next: 46%
Magic:  4/4        EV:  8    Int:  5    God:
Gold:   189        SH:  9    Dex: 10    Spells: 4/4 levels left

rFire    . . .     SeeInvis .   a - +0 war axe
rCold    . . .     Gourm    .   c - +0 shield
rNeg     . . .     Faith    .   b - +0 scale mail
rPois    .         Spirit   .   (helmet restricted)
rElec    .         Reflect  .   k - +0 cloak
rCorr    .         Harm     .   j - +0 pair of gloves
MR       .....                  (no boots)
Stlth    ..........             (no amulet)
HPRegen  0.15/turn              (no ring)
MPRegen  0.09/turn              (no ring)

@: no status effects
A: retaliatory headbutt, horns 2
a: no special abilities


You were on level 4 of the Dungeon.
You were hungry.

You visited 1 branch of the dungeon, and saw 4 of its levels.

You collected 189 gold pieces.

Inventory:

Hand Weapons
 a - a +0 war axe (weapon)
Armour
 b - a +0 scale mail (worn)
 c - a +0 shield (worn)
 j - a +0 pair of gloves (worn)
 k - a +0 cloak (worn)
Scrolls
 e - 2 scrolls of teleportation {unknown}
 g - a scroll of fear {unknown}
 i - 2 scrolls of remove curse {unknown}
 l - 2 scrolls of identify {unknown}
 o - a scroll of enchant armour {unknown}
 q - a scroll of blinking {unknown}
Potions
 d - 2 potions of might
 h - a potion of cancellation {unknown}
 m - a potion of flight {unknown}
 n - 2 potions of curing {unknown}
 p - a potion of resistance {unknown}
Comestibles
 f - 7 rations


   Skills:
 + Level 4.7 Fighting
 + Level 4.6 Axes
 + Level 4.5 Armour
 + Level 0.8 Dodging
 + Level 4.5 Shields


You had 4 spell levels left.
You didn't know any spells.
Your spell library was empty.

Dungeon Overview and Level Annotations

Branches:
Dungeon (4/15)
 Temple: D:4-7

Altars:
Wu Jian
Zin


Innate Abilities, Weirdness & Mutations

You reflexively headbutt those who attack you in melee.
You have a pair of horns on your head.


Message History

You closely miss the worker ant. The ogre hits you with a giant club!
The worker ant bites you but does no damage.
The worker ant bites you.
You hit the ogre. You headbutt the ogre.
The ogre is heavily wounded.
You hit the worker ant.
You kill the worker ant!
You block the ogre's attack.
You hit the ogre. Your headbutt misses the ogre.
The ogre is heavily wounded.
The ogre hits you with a giant club!!
* * * LOW HITPOINT WARNING * * *
You hit the ogre. You headbutt the ogre.
The ogre is almost dead.
The ogre barely misses you.
You are feeling hungry.
You closely miss the ogre. Your headbutt misses the ogre.
The ogre is almost dead.
The ogre hits you with a giant club!
You die...

# #. .# #.######## .#
#........##.#
#........##.######.####
#......................
#....O.[...........####
#....†@.).....# #...
#...#####.....# #... #.
#.....# #...
##.....######...
##...............
...>.)....######.##
#####.....# #..#
#.....# #.#. #.....#
#.##


You could see an ogre.

Vanquished Creatures
  An orc priest (D:3)
  An orc wizard (D:4)
  A worker ant (D:4)
  4 adders
  2 worms (D:2)
  A dart slug (D:1)
  A leopard gecko (D:2)
  15 orcs
  4 bats
  3 giant cockroaches
  4 goblins (D:1)
  3 hobgoblins
  2 quokkas (D:2)
  2 frilled lizards
  9 kobolds
  3 rats
56 creatures vanquished.

Notes
Turn   | Place    | Note
-------+----------+-------------------------------------------
     0 | D:1      | senseless the Minotaur Fighter began the quest for the Orb.
     0 | D:1      | Reached XP level 1. HP: 19/19 MP: 0/0
   258 | D:1      | Reached XP level 2. HP: 27/27 MP: 1/1
  1110 | D:2      | Reached XP level 3. HP: 22/33 MP: 2/2
  1341 | D:2      | Found an ornate altar of the Wu Jian Council.
  1341 | D:2      | Found a glowing silver altar of Zin.
  1605 | D:3      | Reached XP level 4. HP: 40/41 MP: 3/3
  2180 | D:4      | Reached XP level 5. HP: 41/47 MP: 4/4
  2212 | D:4      | Noticed an ogre
  2220 | D:4      | Mangled by an ogre

Skill      XL: |  1  2  3  4 |
---------------+-------------+-----
Fighting       | 4 |  4.7
Shields        | 4 |  4.5
Armour         | 4 |  4.5
Axes           | 3 4 |  4.6
Dodging        | |  0.8

Action                   |  1- 3 |  4- 6 || total
-------------------------+-------+-------++-------
Melee: War axe           |    98 |    75 ||   173
       Headbutt          |    10 |     9 ||    19
  Eat: Chunk             |     1 |     3 ||     4
Armor: Scale mail        |    46 |    36 ||    82
Dodge: Dodged            |    32 |    24 ||    56
Block: Shield            |    48 |    42 ||    90
